 Dungeon Crawl Stone Soup version 0.31-a0-232-gb1c03b2570 (webtiles) character file.

Game seed: 17756834876974833358

191 qw the Shooter (level 5, -1/42 HPs)
             Began as a Minotaur Hexslinger on July 7, 2023.
             Splashed by a jelly's acid (5 damage)
             ... on level 3 of the Dungeon.
             The game lasted 00:00:47 (2502 turns).

qw the Shooter (Minotaur Hexslinger)                Turns: 2502, Time: 00:00:47

Health: -1/42      AC:  1    Str: 12    XL:     5   Next: 41%
Magic:  5/5        EV: 12    Int: 12    God:
Gold:   157        SH:  0    Dex: 15    Spells: 5/6 levels left

rFire   . . .        Y - +3 sling
rCold   . . .        (no shield)
rNeg    . . .        b - +0 leather armour
rPois   .            (helmet restricted)
rElec   .            (no cloak)
rCorr   .            d - +1 pair of gloves "Xajiliem" {+Inv Int+2 SInv}
SInv    +            (no boots)
Will    .....        (no amulet)
Stlth   +            (no ring)
HPRegen 0.27/turn    (no ring)
MPRegen 0.09/turn

%: no passive effects
@: about to teleport, corroded
A: horns 2, retaliatory headbutt
a: Evoke Invisibility


You were on level 3 of the Dungeon.
You visited 1 branch of the dungeon, and saw 3 of its levels.

You collected 157 gold pieces.


Innate Abilities, Weirdness & Mutations

You have a pair of horns on your head.
You reflexively headbutt those who attack you in melee.


   Skills:
 + Level 2.5 Fighting
 - Level 5.9 Ranged Weapons
 - Level 2.1 Dodging
 - Level 1.0 Spellcasting
 - Level 2.0 Hexes


You had 5 spell levels left.
You knew the following spells:

 Your Spells              Type           Power      Damage    Failure   Level
a - Slow                  Hex            20%        N/A       17%         1

Your spell library contained the following spells:

 Spells                   Type           Power      Damage    Failure   Level
 Inner Flame              Hex/Fire       3%         N/A       58%         3
 Portal Projectile        Hex/Tloc       6%         N/A       58%         3
 Cause Fear               Hex            2%         N/A       86%         4

Inventory:

Hand Weapons
 Y - a +3 sling (weapon)
Armour
 b - a +0 leather armour (worn)
 d - the +1 pair of gloves "Xajiliem" (worn) {+Inv Int+2 SInv}
   (You found it on level 2 of the Dungeon)

   Int:       It affects your intelligence (+2).
   SInv:      It lets you see invisible.
   +Inv:      It lets you turn invisible.
 l - a +0 ring mail
Jewellery
 e - a ring of ice
Scrolls
 a - 2 scrolls of identify {unknown}
 c - a scroll of butterflies {unknown}
 k - a scroll of vulnerability {unknown}
Potions
 f - 2 potions of enlightenment {unknown}
 g - 2 potions of brilliance {unknown}
 i - a potion of might {unknown}
 j - 2 potions of degeneration {unknown}

Dungeon Overview and Level Annotations

Branches:
Dungeon (3/15)

Altars:


Message History

You are frozen.
You shoot a sling bullet. The sling bullet hits the endoplasm.
The endoplasm is moderately wounded.
The endoplasm misses you. x2; The endoplasm barely misses you.
The endoplasm freezes you.
You are frozen.
The endoplasm hits you but does no damage.
You shoot a sling bullet. The sling bullet hits the endoplasm.
You kill the endoplasm!
A nearby fungus withers and dies.
The endoplasm freezes you.
You are frozen.
The jelly hits you.
You are splashed with acid.
You shoot a sling bullet. The sling bullet hits the jelly.
The jelly is lightly wounded.
The jelly jiggles.
The jelly hits you but does no damage. The endoplasm hits you.
The endoplasm freezes you.
You are frozen.
You shoot a sling bullet. The sling bullet hits the jelly.
The jelly is heavily wounded.
The endoplasm hits you but does no damage.
The endoplasm jiggles.
The jelly closely misses you.
You shoot a sling bullet. The sling bullet hits the jelly.
The jelly is severely wounded.
The jelly hits you. The acid corrodes you!
You are splashed with acid!
The endoplasm barely misses you.
2500 ||| READING scroll of teleportation.
As you read the scroll of teleportation, it crumbles to dust.
You feel strangely unstable. The jelly closely misses you.
The endoplasm hits you. The jelly barely misses you.
You shoot a sling bullet. The sling bullet hits the jelly.
The jelly is almost dead.
The jelly closely misses you. You furiously retaliate!
You headbutt the jelly. The endoplasm barely misses you.
The jelly barely misses you.
You shoot a sling bullet. The sling bullet hits the jelly.
You kill the jelly!
The jelly hits you.
You are splashed with acid.
You die...

#.#.# ###
#.#.##[%..%.##.#######
###.#.##%PP..P#.#.#....#####
###...#.##......#.#.#.....##.#
#...###.##PP....#)#'#......'.##
......#.##......#.#.....)..'..#
....#.#.##P...JJ#.#.......))))#
....#...##....JJ#.#.......##..#
....#...##....J.@##......###..#
....#...##.....J########## #.##
.####...######## #.#
........######## #.#
......#.#......###### #.#
>.......#.##........# #.#
....#####.#.[#.####.########.#
###.# #.#.<................####
# #.# #.#.........########.....


You could see a jelly and 5 endoplasms.

Vanquished Creatures
  An ogre (D:3)
  A jelly (D:3)
  4 adders
  A worm (D:2)
  A dart slug (D:1)
  6 ball pythons
  10 endoplasms
  2 giant cockroaches
  3 goblins
  2 hobgoblins (D:3)
  4 jackals (D:1)
  13 kobolds
  2 quokkas
  5 bats
  5 frilled lizards
  2 rats (D:1)
62 creatures vanquished.

Notes
Turn   | Place    | Note
-------+----------+-------------------------------------------
     0 | D:1      | qw the Minotaur Hexslinger began the quest for the Orb.
     0 | D:1      | Reached XP level 1. HP: 16/16 MP: 1/1
     0 | D:1      | 0 ||| qw: Version: 0.3-a-46-gb1f654a
     0 | D:1      | 0 ||| qw: Game counter: 2153
     0 | D:1      | 0 ||| qw: Melee chars always use a shield: true
     0 | D:1      | 0 ||| qw: God list: Okawaru
     0 | D:1      | 0 ||| qw: Allow faded altars: false
     0 | D:1      | 0 ||| qw: Do Orc after clearing Dungeon:15 true
     0 | D:1      | 0 ||| qw: Do second Lair branch before Depths: true
     0 | D:1      | 0 ||| qw: Lair rune preference: random
     0 | D:1      | 0 ||| qw: Goals: Normal
     0 | D:1      | 0 ||| PLANNING D:1-11
   114 | D:1      | Reached skill level 3 in Ranged Weapons
   122 | D:1      | Reached XP level 2. HP: 16/23 MP: 2/2
   723 | D:1      | 723 ||| FLEEEEING.
   758 | D:1      | Reached XP level 3. HP: 29/29 MP: 3/3
   874 | D:1      | 874 ||| DROPPING scarf of harm.
   875 | D:1      | 875 ||| READING scroll labelled ZUDUFU XIECS.
   876 | D:1      | 876 ||| READING 2 scrolls labelled ANIAMO ZIZUKLEAGG.
   877 | D:1      | 877 ||| DRINKING 2 inky potions.
   915 | D:1      | 915 ||| DROPPING scroll of poison.
   916 | D:1      | 916 ||| DROPPING scroll of fear.
   917 | D:1      | 917 ||| DROPPING potion of lignification.
   975 | D:2      | 975 ||| READING scroll of enchant weapon.
   975 | D:2      | 975 ||| ENCHANTING +2 sling.
  1139 | D:2      | Reached skill level 4 in Ranged Weapons
  1257 | D:2      | Identified the +1 pair of gloves "Xajiliem" {+Inv Int+2
                  | SInv}
  1438 | D:2      | Reached XP level 4. HP: 36/36 MP: 4/4
  1480 | D:2      | 1480 ||| UPGRADING to +0 leather armour.
  1490 | D:2      | 1490 ||| DROPPING +0 robe.
  1491 | D:2      | 1491 ||| UPGRADING to +1 pair of gloves "Xajiliem" {+Inv
                  | Int+2 SInv}.
  1496 | D:2      | 1496 ||| READING scroll labelled IMUVIKHL ALATZ.
  1497 | D:2      | 1497 ||| READING scroll labelled MORICE ASEO.
  1738 | D:3      | Noticed an ogre
  1746 | D:3      | Killed an ogre
  1747 | D:3      | Reached skill level 5 in Ranged Weapons
  1747 | D:3      | Reached XP level 5. HP: 15/41 MP: 5/5
  2125 | D:3      | Identified the +4 falchion of the Hero {flame, Dex+3}
  2499 | D:3      | HP: 8/42 [acid (7)]
  2500 | D:3      | 2500 ||| READING scroll of teleportation.
  2502 | D:3      | Splashed by a jelly's acid

Levels and vault maps discovered:
D:1:      psy_arrival_basics, layout_basic, item_on_display_a
D:2:      layout_rooms
D:3:      cheibrodos_fertilizer, layout_basic, serial_park_tiny_pond,
          st_stairs_13

Skill      XL: |  1  2  3  4 |
---------------+-------------+-----
Ranged Weapons | 3 4 5 |  5.9
Fighting       | 2 |  2.5
Dodging        | |  2.1
Spellcasting   | |  1.0
Hexes          | |  2.0

Action                     |  1- 3 |  4- 6 || total
---------------------------+-------+-------++-------
   Fire: Sling             |   108 |    57 ||   165
    Use: Scroll            |     3 |     3 ||     6
         Potion            |     1 |       ||     1
 Armour: Robe              |     7 |       ||     7
         Leather armour    |       |     7 ||     7
  Dodge: Dodged            |    38 |    20 ||    58

Table legend:
 A = Non-vault XP
 B = Vault XP
 C = Vault XP percentage of total XP
 D = Non-vault monster count
 E = Vault monster count
 F = Vault count percentage of total count
                 A         B        C        D         E       F
            +---------+---------+-------+---------+---------+-------
      Total |     256 |      59 |  18.7 |      50 |      12 |  19.4
            +---------+---------+-------+---------+---------+-------
        D:1 |      42 |       0 |   0.0 |      24 |       0 |   0.0
        D:2 |      64 |       0 |   0.0 |      15 |       0 |   0.0
        D:3 |     150 |      59 |  28.2 |      11 |      12 |  52.2
            +---------+---------+-------+---------+---------+-------
